 Dungeon Crawl Stone Soup version 0.21.1-1-g345015f (webtiles) character file.

93 shakethe the Conjurer (level 4, 0/24 HPs)
             Began as a Deep Elf Conjurer on Feb 21, 2018.
             Slain by Terence
             ... wielding a +0 hand axe
              (2 damage)
             ... on level 3 of the Dungeon.
             The game lasted 00:04:46 (2045 turns).

shakethe the Conjurer (Deep Elf Conjurer)           Turns: 2045, Time: 00:04:46

Health: 0/24       AC:  2    Str:  5    XL:     4   Next: 37%
Magic:  3/12       EV: 14    Int: 21    God:
Gold:   158        SH:  0    Dex: 15    Spells: 1/11 levels left

rFire    . . .     SeeInvis .   f - +0 dagger
rCold    . . .     Gourm    .   (no shield)
rNeg     . . .     Faith    .   a - +0 robe
rPois    .         Spirit   .   (no helmet)
rElec    .         Reflect  .   (no cloak)
rCorr    .         Harm     .   (no gloves)
MR       .....                  (no boots)
Stlth    ++........             (no amulet)
HPRegen  0.08/turn              (no ring)
MPRegen  0.13/turn              (no ring)

@: no status effects
A: no striking features
a: no special abilities


You were on level 3 of the Dungeon.
You were not hungry.

You visited 1 branch of the dungeon, and saw 3 of its levels.

You collected 158 gold pieces.

Inventory:

Hand Weapons
 f - a +0 dagger (weapon)
   (You took it off a kobold on level 1 of the Dungeon)
Missiles
 j - 3 tomahawks of dispersal {=f}
Armour
 a - a +0 robe (worn)
 q - a +0 cloak
   (You found it on level 2 of the Dungeon)
Scrolls
 d - a scroll of fear {unknown}
 g - a scroll of teleportation {unknown}
 h - 2 scrolls of magic mapping {unknown}
 i - 2 scrolls of amnesia {unknown}
 k - 4 scrolls of identify {unknown}
 l - a scroll of blinking {unknown}
 s - a scroll of enchant armour {unknown}
Potions
 e - 2 potions of flight {unknown}
 n - a potion of heal wounds {unknown}
 o - 3 potions of curing {unknown}
 p - a potion of lignification {unknown}
 r - a potion of degeneration {unknown}
 t - a potion of cancellation {unknown}
Books
 b - a book of Conjurations
Comestibles
 c - 2 rations


   Skills:
 + Level 3.7 Dodging
 - Level 2.9 Stealth
 + Level 4.2 Spellcasting
 + Level 5.0 Conjurations


You had one spell level left.
You knew the following spells:

 Your Spells              Type           Power        Failure   Level  Hunger
a - Magic Dart            Conj           ####         1%          1    None
b - Searing Ray           Conj           ####..       2%          2    #......
c - Dazzling Spray        Conj/Hex       ###...       12%         3    ##.....
x - Iskenderun's Mystic   Conj           ####....     14%         4    ####...


Dungeon Overview and Level Annotations

Branches:
Dungeon (3/15)

Altars:
Dithmenos
Elyvilon
Fedhas
Nemelex Xobeh
Uskayaw
Zin

Annotations:
D:3 Terence


Message History

You see here a goblin skeleton.
You see here 9 arrows.
o - 3 brown potions (gained 1) Some of the chunks of flesh in your inventory have rotted away.
A bat comes into view.
MP restored: 12 A bat is nearby!
Unknown command.
Aim: a bat (resting)
The magic dart hits the bat.
You kill the bat!
You now have 11/12 mp.
You butcher the bat corpse.
m - 5 chunks of flesh {@w0@w0} (gained 1)
You open the door.
There is an open door here.
Found a sparkling altar of Nemelex Xobeh and a shadowy altar of Dithmenos.
MP restored: 12
Found a hide-covered altar of Uskayaw.
Okay, then.
Found a glowing silver altar of Zin.
Found a white marble altar of Elyvilon.
There is an open door here.
You see here 15 stones.
t - a metallic pink potion Done exploring.
Done exploring.
Done exploring.
Done exploring.
Done exploring.
(D) Dungeon
Where to? (Enter - D:2, ? - help) Some of the chunks of flesh in your inventory have rotted away.
There is a stone staircase leading down here.
You climb downwards.
There is a stone staircase leading up here.
You now have 158 gold pieces (gained 10).
Some of the chunks of flesh in your inventory have rotted away.
You open the door.
A kobold comes into view. It is wielding a dagger.
There is an open door here.
Aim: a kobold, wielding a dagger (resting)
The magic dart hits the kobold.
You kill the kobold!
You are feeling hungry.
You now have 11/12 mp.
Eating a chunk of flesh {@w0@w0}.
You eat the chunk of flesh {@w0@w0}.
A hobgoblin comes into view.
Aim: a hobgoblin (resting)
The magic dart hits the hobgoblin.
The hobgoblin shouts!
You now have 10/12 mp.
Aim: a hobgoblin (heavily wounded)
The magic dart hits the hobgoblin.
You kill the hobgoblin!
You now have 9/12 mp.
Terence the Incautious comes into view.
He is wielding a hand axe.
Terence shouts!
Aim: Terence, wielding a hand axe and wearing a scale mail You miscast Iskenderun's Mystic Blast.
You are very lightly contaminated with residual magic.
Sparks fly from your hands!
You now have 6/12 mp.
Aim: Terence, wielding a hand axe and wearing a scale mail
Okay, then.
Terence shouts, "Now you die!"
There is an open door here.
You close the door.
There is a stone staircase leading up here.
You climb upwards.
There is a stone staircase leading down here.
You start resting.
Your magical contamination has completely faded away.
You regained 3 mp, and now have 11/12 mp.
You climb downwards.
Level annotation: Terence Terence barely misses you.
There is a stone staircase leading up here.
Aim: Terence, wielding a hand axe and wearing a scale mail The orb of energy hits Terence.
The orb of energy explodes!
Terence hits you with a hand axe.
You take 4 damage, and have 20/24 hp.
You now have 7/12 mp.
Aim: Terence, wielding a hand axe and wearing a scale mail (moderately wounded)
The searing ray hits Terence. (Press . to maintain the ray.) Terence hits you with a hand axe.
You take 5 damage, and have 15/24 hp.
MASSIVE DAMAGE!!
You now have 5/12 mp.
The searing ray hits Terence.
Terence hits you with a hand axe!
You take 7 damage, and have 8/24 hp.
MASSIVE DAMAGE!!
The searing ray hits Terence.
Terence hits you with a hand axe.
* * * LOW HITPOINT WARNING * * *
You take 6 damage, and have 2/24 hp.
MASSIVE DAMAGE!!
You now have 4/12 mp.
The searing ray hits Terence.
You finish channeling your searing ray.
Terence hits you with a hand axe.
You die...

#...$.....#
#.......).#
#.........#
#.........#
....#+#######
###.#.# #.#.#
#.#.############
#.#..........@@#
#.##############


You could see Terence.

Vanquished Creatures
  3 adders (D:2)
  3 worms (D:2)
  2 dart slugs (D:1)
  A ball python (D:1)
  4 giant cockroaches
  10 goblins
  5 hobgoblins
  3 jackals (D:2)
  A quokka (D:2)
  6 bats (D:2)
  A frilled lizard (D:1)
  8 kobolds
  6 rats
53 creatures vanquished.

Notes
Turn   | Place    | Note
-------+----------+-------------------------------------------
     0 | D:1      | shakethe the Deep Elf Conjurer began the quest for the Orb.
     0 | D:1      | Reached XP level 1. HP: 10/10 MP: 6/6
   250 | D:1      | Reached XP level 2. HP: 11/15 MP: 2/8
   391 | D:1      | HP: 2/15 [dart slug/slug dart (6)]
   699 | D:1      | Learned a level 2 spell: Searing Ray
   799 | D:1      | Reached skill level 3 in Dodging
  1106 | D:2      | Found a blossoming altar of Fedhas.
  1121 | D:2      | Reached XP level 3. HP: 14/19 MP: 5/10
  1217 | D:2      | Learned a level 3 spell: Dazzling Spray
  1383 | D:2      | Reached skill level 4 in Spellcasting
  1486 | D:2      | Reached XP level 4. HP: 24/24 MP: 1/12
  1573 | D:2      | Learned a level 4 spell: Iskenderun's Mystic Blast
  1631 | D:2      | Reached skill level 5 in Conjurations
  1861 | D:2      | Found a sparkling altar of Nemelex Xobeh.
  1861 | D:2      | Found a shadowy altar of Dithmenos.
  1867 | D:2      | Found a hide-covered altar of Uskayaw.
  1869 | D:2      | Found a glowing silver altar of Zin.
  1871 | D:2      | Found a white marble altar of Elyvilon.
  1997 | D:3      | Noticed Terence
  2044 | D:3      | HP: 2/24 [Terence/hand axe (6)]
  2045 | D:3      | Slain by Terence

Skill      XL: |  1  2  3  4 |
---------------+-------------+-----
Dodging        | 3 |  3.7
Spellcasting   | 4 |  4.2
Conjurations   | 5 |  5.0
Stealth        | |  2.9

Action                   |  1- 3 |  4- 6 || total
-------------------------+-------+-------++-------
Melee: Dagger            |     1 |       ||     1
 Cast: Magic Dart        |    76 |    19 ||    95
       Searing Ray       |     3 |     2 ||     5
       Iskenderun's Myst |       |     3 ||     3
  Eat: Chunk             |     2 |     2 ||     4
Armor: Robe              |     5 |       ||     5
Dodge: Dodged            |    12 |     2 ||    14

Vault maps used:
D:1:      dpeg_arrival_round_a
D:2:      fedhas_altar_3, chequers_temple_overflow_minitemple
D:3:      first_ration, uniq_terence

Table legend:
 A = Turns spent in this place as a percentage of turns spent in the entire game.
 B = Non-inter-level travel turns spent in this place as a percentage of non-inter-level travel turns spent in the entire game.
 C = Inter-level travel turns spent in this place as a percentage of turns spent in this place.
 D = Turns resting spent in this place as a percentage of non-inter-level travel turns spent in this place.
 E = Turns spent auto-exploring this place as a percentage of non-inter-level travel turns spent in this place.
 F = Non-inter-level travel turns spent in this place divided by the number of levels of this place that you've seen.
                   A       B       C       D       E      F
               +-------+-------+-------+-------+-------+----------------------
         Total | 100.0 | 100.0 |   2.5 |  36.8 |  45.7 | 664.3
       Dungeon | 100.0 | 100.0 |   2.5 |  36.8 |  45.7 | 664.3
               +-------+-------+-------+-------+-------+----------------------

Table legend:
 A = Kills in this place as a percentage of kills in entire the game.
 B = Kills by you in this place as a percentage of kills by you in the entire game.
 C = Kills by friends in this place as a percentage of kills by friends in the entire game.
 D = Other kills in this place as a percentage of other kills in the entire game.
 E = Experience gained in this place as a percentage of experience gained in the entire game.
 F = Experience gained in this place divided by the number of levels of this place that you have seen.
                   A       B       C       D       E      F
               +-------+-------+-------+-------+-------+----------------------
         Total | 100.0 | 100.0 |   N/A |   N/A | 100.0 |  44.7
       Dungeon | 100.0 | 100.0 |   N/A |   N/A | 100.0 |  44.7
               +-------+-------+-------+-------+-------+----------------------
